 Dungeon Crawl Stone Soup version 0.26-b1-32-g5d43845318 (webtiles) character file.

Game seed: 16334057650703660039

117 Clowwww the Grave Robber (level 4, -1/30 HPs)
             Began as a Demonspawn Necromancer on Jan 4, 2021.
             Slain by an orc (2 damage)
             ... on level 3 of the Dungeon.
             The game lasted 00:07:53 (2725 turns).

Clowwww the Grave Robber (Demonspawn Necromancer)   Turns: 2725, Time: 00:07:55

Health: -1/30      AC:  4    Str:  8    XL:     4   Next: 71%
Magic:  1/9        EV: 12    Int: 18    God:
Gold:   79         SH:  0    Dex: 13    Spells: 4/9 levels left

rFire    + . .     SeeInvis .   (no weapon)
rCold    . . .     Faith    .   (no shield)
rNeg     . . .     Spirit   .   a - +0 robe
rPois    .         Reflect  .   (no helmet)
rElec    .         Harm     .   (no cloak)
rCorr    .         Rampage  .   (no gloves)
Will     .....                  (no boots)
Stlth    ++........             (no amulet)
HPRegen  0.10/turn              (no ring)
MPRegen  0.11/turn              (no ring)

@: no status effects
A: iridescent scales 1, fire resistance 1
a: no special abilities


You were on level 3 of the Dungeon.
You visited 1 branch of the dungeon, and saw 3 of its levels.

You collected 79 gold pieces.

Inventory:

Armour
 a - a +0 robe (worn)
Wands
 h - a wand of flame (11)
Scrolls
 b - a scroll of identify
 c - a scroll of remove curse
 f - a scroll of enchant weapon
Potions
 d - a potion of ambrosia
 e - a potion of magic {unknown}
 g - a potion of haste {unknown}


   Skills:
 + Level 0.1 Fighting
 + Level 1.8 Dodging
 + Level 1.8 Stealth
 + Level 3.3 Spellcasting
 + Level 5.7 Necromancy


You had 4 spell levels left.
You knew the following spells:

 Your Spells              Type           Power        Failure   Level
a - Pain                  Necr           92%          1%          1
b - Animate Skeleton      Necr           46%          1%          1
c - Vampiric Draining     Necr           11%          4%          3

Your spell library contained the following spells:

 Spells                   Type           Power        Failure   Level
 Animate Dead             Necr           11%          14%         4
 Agony                    Necr           23%          38%         5


Dungeon Overview and Level Annotations

Branches:
Dungeon (3/15)

Altars:

Portals:
Sewer: D:3


Innate Abilities, Weirdness & Mutations

You are partially covered in iridescent scales. (AC +2)
Your flesh is heat resistant. (rF+)


Message History

Casting: Pain (safe; 1% risk of failure)
Confirm with . or Enter, or press ? or * to list all spells.
You attempt to give life to the dead...
Before your eyes, flesh is ripped from the corpse!
The dead are walking!
A magic dart appears from out of thin air!
The magic dart hits your leopard gecko skeleton.
The orc hits you but does no damage.
A puff of frost appears from out of thin air!
The puff of frost hits your leopard gecko skeleton.
Your leopard gecko skeleton resists.
Your leopard gecko skeleton is destroyed!
Casting: Animate Skeleton (safe; 1% risk of failure)
Confirm with . or Enter, or press ? or * to list all spells.
You attempt to give life to the dead...
Before your eyes, flesh is ripped from the corpse!
The dead are walking!
An orc wizard appears from thin air!
Reactivating autopickup.
The orc hits you.
You die...

##################
.≈≈≈≈≈o≈≈≈o.{o.oo#
.≈≈≈≈∩≈≈≈o..####o#
.≈≈≈≈≈≈≈≈≈.## #Z#
################o#######
#....@......$
#.###.######. #.# # ..#
###


You could see 2 orc wizards, 2 orcs and a friendly leopard gecko skeleton.

Vanquished Creatures
  An orc priest (D:3)
  3 adders
  An ooze (D:3)
  A worm (D:2)
  3 leopard geckos (D:3)
  An orc (D:3)
  4 giant cockroaches
  7 goblins
  7 hobgoblins
  2 jackals (D:3)
  3 kobolds
  5 bats
  2 frilled lizards
  13 rats
53 creatures vanquished.

Notes
Turn   | Place    | Note
-------+----------+-------------------------------------------
     0 | D:1      | Clowwww the Demonspawn Necromancer began the quest for the
                  | Orb.
     0 | D:1      | Reached XP level 1. HP: 13/13 MP: 3/3
   357 | D:1      | Gained mutation: You are partially covered in iridescent
                  | scales. (AC +2) [demonic ancestry]
   357 | D:1      | Reached XP level 2. HP: 4/19 MP: 0/5
   666 | D:1      | Reached skill level 5 in Necromancy
   769 | D:1      | Learned a level 1 spell: Animate Skeleton
  1276 | D:2      | Gained mutation: Your flesh is heat resistant. (rF+)
                  | [demonic ancestry]
  1276 | D:2      | Reached XP level 3. HP: 7/24 MP: 0/6
  1452 | D:2      | HP: 1/24 [bat (1)]
  1899 | D:2      | Learned a level 3 spell: Vampiric Draining
  2489 | D:3      | Reached XP level 4. HP: 10/30 MP: 0/8
  2693 | D:3      | Found a glowing drain.
  2725 | D:3      | Slain by an orc

Illustrated notes

Levels and vault maps discovered:
D:1:      dpeg_arrival_ratfight, layout_rooms
D:2:      layout_rooms
D:3:      minmay_spotlight, layout_loops_corners, portal_sewer_entry_f

Skill      XL: |  1  2  3 |
---------------+----------+-----
Necromancy     | 5 |  5.7
Spellcasting   | 3 |  3.3
Fighting       | |  0.1
Dodging        | |  1.8
Stealth        | |  1.8

Action                   |  1- 3 |  4- 6 || total
-------------------------+-------+-------++-------
Melee: Unarmed           |    12 |     3 ||    15
 Cast: Pain              |    92 |    15 ||   107
       Animate Skeleton  |     4 |     3 ||     7
  Use: Potion            |     2 |       ||     2
       Scroll            |     4 |       ||     4
Armor: Robe              |    16 |     4 ||    20
Dodge: Dodged            |    30 |    18 ||    48
